 Dungeon Crawl Stone Soup version 0.25.0-9-g26727b657a (webtiles) character file.

Game seed: 7087420105572980395

4230 Delamore the Basher (level 10, 0/57 HPs)
             Began as a Gargoyle Fighter on June 18, 2020.
             Was a Follower of Okawaru.
             Slain by a wraith (6 damage)
             ... on level 10 of the Dungeon.
             The game lasted 00:10:40 (9856 turns).

Delamore the Basher (Gargoyle Fighter)              Turns: 9856, Time: 00:10:41

Health: 0/57       AC: 15    Str: 23    XL:     10   Next: 30%
Magic:  9/10       EV: 13    Int:  9    God:    Okawaru [*.....]
Gold:   415        SH: 10    Dex: 16    Spells: 9/9 levels left

rFire    . . .     SeeInvis .   I - +2 trident of Gallantry {flame, Dex+7} (curse)
rCold    . . .     Gourm    .   c - +0 kite shield
rNeg     + . .     Faith    .   b - +0 scale mail
rPois    ∞         Spirit   .   m - +0 helmet
rElec    +         Reflect  .   (no cloak)
rCorr    .         Harm     .   (no gloves)
MR       .....                  (no boots)
Stlth    ..........             g - amulet of the acrobat
HPRegen  0.19/turn              o - ring of wizardry
MPRegen  0.12/turn              h - +4 ring of evasion

@: mighty, stab, slowed, very slow
A: negative energy resistance 1, electricity resistance, unbreathing,
petrification resistance, rot immunity, AC +7
a: Heroism, Renounce Religion


You were on level 10 of the Dungeon.
You worshipped Okawaru.
Okawaru was aware of your devotion.
You were not hungry.

You visited 2 branches of the dungeon, and saw 12 of its levels.

You collected 415 gold pieces.

Inventory:

Hand Weapons
 a - a +1 flail
 w - a +2 flail of protection
 I - the cursed +2 trident of Gallantry (weapon) {flame, Dex+7}
   (You found it on level 8 of the Dungeon)

   It has been specially enchanted to burn those struck by it, causing extra
   injury to most foes and up to half again as much damage against particularly
   susceptible opponents.
   It affects your dexterity (+7).
   It has a curse placed upon it.
Missiles
 E - 2 boomerangs of dispersal (quivered)
Armour
 b - a +0 scale mail (worn)
 c - a +0 kite shield (worn)
 m - a +0 helmet (worn)
Jewellery
 g - an amulet of the acrobat (around neck)
 h - a +4 ring of evasion (right hand)
 o - a ring of wizardry (left hand)
Wands
 v - a wand of polymorph (7)
 D - a wand of paralysis (6)
 F - a wand of flame (32)
 H - a wand of digging (3)
Scrolls
 j - 4 scrolls of remove curse {unknown}
 k - 2 scrolls of magic mapping
 r - 3 scrolls of enchant weapon
 s - 2 scrolls of noise {unknown}
 t - a scroll of teleportation {unknown}
 u - 2 scrolls of fog {unknown}
 y - 5 scrolls of identify
 A - 4 scrolls of fear {unknown}
 B - a scroll of immolation {unknown}
 C - a scroll of amnesia {unknown}
 M - a scroll of silence {unknown}
Potions
 e - 3 potions of magic {unknown}
 i - 5 potions of curing
 l - 2 potions of flight
 n - 3 potions of brilliance
 p - 2 potions of lignification
 q - 2 potions of invisibility
 x - 2 potions of stabbing
 z - 2 potions of mutation {unknown}
 J - a potion of resistance {unknown}
 K - a potion of heal wounds {unknown}
 L - 2 potions of berserk rage {unknown}
Comestibles
 f - 18 rations
 G - 9 chunks of flesh


   Skills:
 - Level 4.2 Fighting
 + Level 13.2 Maces & Flails
 - Level 4.5 Armour
 - Level 1.7 Dodging
 - Level 4.7 Shields


You had 9 spell levels left.
You didn't know any spells.
Your spell library was empty.

Dungeon Overview and Level Annotations

Branches:
Dungeon (11/15)            Temple (1/1) D:7            Lair (0/6) D:9
    Orc: D:9-12

Altars:
Ashenzari
Cheibriados
Dithmenos
Elyvilon
Fedhas
Gozag
Hepliaklqana
Kikubaaqudgha
Makhleb
Nemelex Xobeh
Okawaru
Qazlal
Ru
Sif Muna
Trog
Uskayaw
Vehumet
Wu Jian
Xom
Yredelemnul
Zin
The Shining One

Shops:
D:6 }

Annotations:
D:3 Grinder


Innate Abilities, Weirdness & Mutations

You are resistant to torment.
Your stone body is resilient. (AC +7)
You are immune to poison.
You resist negative energy. (rN+)
You are resistant to electric shocks. (rElec)
You can survive without breathing.
You are immune to petrification.
You are immune to rotting.


Message History

Your shield and scale mail prevent you from hitting the wraith.
The wraith is almost destroyed.
You block the black bear's attack.
The black bear claws you but does no damage.
The black bear closely misses you. The wraith closely misses you.
The black bear closely misses you. The black bear barely misses you.
The black bear claws you but does no damage.
You closely miss the wraith.
The wraith is almost destroyed.
You feel like a meek peon again. The wraith hits you.
* * * LOW HITPOINT WARNING * * *
The black bear bites you but does no damage.
You block the black bear's attack. x2; The wraith barely misses you.
It was a potion of stabbing.
You feel ready to backstab. The black bear barely misses you.
The black bear claws you but does no damage.
You block the black bear's attack. The wraith hits you.
You die...

#. ......# . .......
##. ....?#
##..##....#
.#..(...$.)#
...........# ..
...........# ...
#@h#.### #....
#..####.W.$/.#.$....
#......###.........
#......# #>..###...
......... ###..#
#......... .##
##......... ..
............ ...
............#....


You could see a wraith and a black bear.

Vanquished Creatures
  The ghost of Oki the Slicer, a novice KoBe of Trog (D:6)
  Sigmund (D:2)
  A steam dragon (D:7)
  A hungry ghost (D:7)
  Edmund (D:4)
  3 ice beasts
  3 phantoms
  4 sky beasts
  4 ogres
  A necrophage (D:7)
  3 centaurs
  A crocodile (D:8)
  4 bullfrogs
  Blork the orc (D:5)
  2 scorpions (D:5)
  5 killer bees (D:7)
  2 howler monkeys
  4 electric eels (D:7)
  3 crimson imps
  A jelly (D:5)
  6 orc priests
  A hound (D:5)
  A centaur skeleton (D:4)
  2 orc wizards
  Natasha (thrice) (D:2 D:1)
  4 worker ants
  2 hound skeletons
  A worker ant zombie (D:5)
  11 adders
  2 shadow imps
  An adder skeleton (D:7)
  3 worms
  5 dart slugs
  3 leopard geckos
  14 orcs
  8 bats
  5 giant cockroaches
  16 goblins
  12 hobgoblins
  4 jackals (D:2)
  7 kobolds
  2 quokkas
  4 ball pythons
  6 frilled lizards
  A jackal skeleton (D:7)
  7 rats
177 creatures vanquished.

Vanquished Creatures (others)
  2 withered plants (D:6)
2 creatures vanquished.

Grand Total: 179 creatures vanquished

Notes
Turn   | Place    | Note
-------+----------+-------------------------------------------
     0 | D:1      | Delamore the Gargoyle Fighter began the quest for the Orb.
     0 | D:1      | Reached XP level 1. HP: 14/14 MP: 1/1
   124 | D:1      | Reached XP level 2. HP: 19/19 MP: 2/2
   551 | D:1      | Reached XP level 3. HP: 24/24 MP: 3/3
  1090 | D:2      | Noticed Natasha
  1119 | D:2      | Killed Natasha
  1119 | D:2      | Reached XP level 4. HP: 9/29 MP: 4/4
  1357 | D:2      | Noticed Natasha
  1373 | D:2      | HP: 1/29 [Natasha (5)]
  1686 | D:2      | Killed Natasha
  1686 | D:2      | Reached skill level 1 in Dodging
  1868 | D:2      | Noticed Sigmund
  1870 | D:2      | Noticed Natasha
  1872 | D:2      | Reached skill level 3 in Maces & Flails
  1974 | D:1      | Killed Natasha
  1974 | D:1      | Reached XP level 5. HP: 14/33 MP: 5/5
  2201 | D:2      | Killed Sigmund
  2201 | D:2      | Reached XP level 6. HP: 28/38 MP: 6/6
  2355 | D:2      | Found an opulent altar of Gozag.
  3078 | D:3      | Found a hazy altar of Hepliaklqana.
  3294 | D:3      | Noticed Grinder
  3579 | D:3      | Found an ancient bone altar of Kikubaaqudgha.
  3579 | D:3      | Found a radiant altar of Vehumet.
  3580 | D:3      | Found a sparkling altar of Nemelex Xobeh.
  3702 | D:3      | Reached skill level 4 in Maces & Flails
  3972 | D:4      | Reached XP level 7. HP: 39/43 MP: 7/7
  4069 | D:4      | Reached skill level 5 in Maces & Flails
  4382 | D:4      | Reached skill level 6 in Maces & Flails
  4699 | D:4      | Noticed Edmund
  4721 | D:4      | Killed Edmund
  4721 | D:4      | Reached skill level 7 in Maces & Flails
  4721 | D:4      | Reached XP level 8. HP: 39/48 MP: 8/8
  5159 | D:5      | Entered Level 5 of the Dungeon
  5432 | D:5      | Reached skill level 8 in Maces & Flails
  5508 | D:5      | Noticed Blork the orc
  5517 | D:5      | Killed Blork the orc
  5555 | D:5      | Reached skill level 9 in Maces & Flails
  5580 | D:5      | Found a blossoming altar of Fedhas.
  5976 | D:6      | Reached XP level 9. HP: 52/52 MP: 9/9
  5993 | D:6      | Found a runed translucent door.
  5993 | D:6      | Noticed Oki's ghost (novice KoBe)
  6008 | D:6      | Reached skill level 10 in Maces & Flails
  6196 | D:6      | Found Baariufa's Gadget Emporium.
  6422 | D:6      | You fall into a shaft and drop 1 floor!
  6493 | D:7      | Found a staircase to the Ecumenical Temple.
  6500 | D:7      | Found a transporter.
  6515 | D:7      | Found a transporter.
  6586 | D:7      | Reached skill level 11 in Maces & Flails
  7131 | Temple   | Entered the Ecumenical Temple
  7459 | Temple   | Became a worshipper of Warmaster Okawaru
  8031 | D:6      | Found a white marble altar of Elyvilon.
  8343 | D:6      | Killed Oki's ghost
  8343 | D:6      | Reached skill level 12 in Maces & Flails
  8343 | D:6      | Reached XP level 10. HP: 49/57 MP: 10/10
  8582 | D:7      | Found an ornate altar of the Wu Jian Council.
  8849 | D:7      | Reached * piety under Okawaru
  9228 | D:8      | Got a buzzing trident
  9229 | D:8      | Identified the cursed +2 trident of Gallantry {flame,
                  | Dex+7} (You found it on level 8 of the Dungeon)
  9384 | D:8      | Found a shattered altar of Ashenzari.
  9384 | D:8      | Found a basalt altar of Yredelemnul.
  9696 | D:9      | Reached skill level 13 in Maces & Flails
  9739 | D:9      | Found a staircase to the Lair.
  9746 | D:9      | You fall into a shaft and drop 2 floors!
  9835 | D:10     | Entered Level 10 of the Dungeon
  9856 | D:10     | Slain by a wraith

Illustrated notes

Levels and vault maps discovered:
D:1:      wander_arrival_chamber, layout_basic, minmay_indecisive_spiral
D:2:      layout_rooms, nicolae_overflow_crystal_walls, uniq_natasha,
          uniq_sigmund
D:3:      cheibrodos_greedy_goblins, layout_basic,
          gammafunk_temple_overflow_forgotten, nicolae_overflow_hidden_temple,
          amethyst_killhole, dk_noncrumbling_3, uniq_grinder
D:4:      layout_layer_cave, grunt_ministairs_3, uniq_edmund
D:5:      layout_loops_ring, fedhas_bush_and_centaur_altar, first_ration,
          uniq_blork_the_orc
D:6:      layout_basic, kennysheep_mini, serial_shops, nicolae_shop_trees,
          gammafunk_ghost_grave
D:7:      gammafunk_steamed_eel, layout_cave_pods, lemuel_doored_altar,
          minmay_temple_entry_mist, chequers_serial_rivers_large_a,
          grunt_ogre_cave
D:8:      layout_cave_pools, gammafunk_temple_overflow_statue
D:9:      layout_rooms, lair_entry_dummy
D:10:     layout_cave_pools
D:11:     layout_basic, zombieorc2_lemuel, serial_shops,
          nicolae_shop_temple_entry_statues_fountains, minmay_another_anthill,
          uniq_nergalle
Temple:   hc_temple_tempest_star

Skill      XL: |  1  2  3  4  5  6  7  8  9 10 |
---------------+-------------------------------+-----
Dodging        | 1 |  1.7
Maces & Flails | 3 4 7 9 12 13 | 13.2
Armour         | 4 |  4.5
Fighting       | 4 |  4.2
Shields        | 4 |  4.7

Action                   |  1- 3 |  4- 6 |  7- 9 | 10-12 || total
-------------------------+-------+-------+-------+-------++-------
Melee: Flail             |   129 |   236 |   461 |    62 ||   888
       Trident           |       |       |       |    59 ||    59
Invok: Heroism           |       |       |       |     1 ||     1
  Use: Scroll            |       |     4 |       |       ||     4
       Potion            |       |       |     2 |     2 ||     4
  Eat: Chunk             |     1 |     9 |     8 |     5 ||    23
       Ration            |       |       |     3 |       ||     3
Armor: Scale mail        |    87 |   115 |   189 |    70 ||   461
       Skin              |       |       |    25 |       ||    25
Dodge: Dodged            |    51 |   141 |   279 |   106 ||   577
Block: Kite shield       |    61 |   138 |   228 |    67 ||   494
